 Dungeon Crawl Stone Soup version 0.27.1-2-g3b301248ec (webtiles) character file.

Game seed: 8777553082061241393

142 barney the Changer (level 5, 0/40 HPs)
             Began as a Draconian Transmuter on Oct 1, 2021.
             Slain by an orc wizard (3 damage)
             ... on level 3 of the Dungeon.
             The game lasted 00:05:00 (4699 turns).

barney the Changer (Draconian Transmuter)           Turns: 4699, Time: 00:05:01

Health: 0/40       AC:  5    Str: 12 (13) XL:     5   Next: 4%
Magic:  0/8        EV: 12    Int: 11 (14) God:
Gold:   226        SH:  0    Dex: 10 (11) Spells: 2/8 levels left

rFire    . . .     SeeInvis .   a - +3 dagger (speed)
rCold    . . .     Faith    .   (no shield)
rNeg     . . .     Spirit   .   (armour unavailable)
rPois    .         Reflect  .   (helmet currently unavailable)
rElec    .         Harm     .   (no cloak)
rCorr    .         Rampage  .   (no gloves)
Will     .....                  (boots currently unavailable)
Stlth    +.........             (no amulet)
HPRegen  0.13/turn              (no ring)
MPRegen  0.11/turn              (no ring)

@: appendages, very slightly contaminated
A: horns 2, talons 2, AC +5, unfitting armour, cold-blooded
a: End Transformation


You were on level 3 of the Dungeon.
You had temporarily grown beastly horns and talons.
You visited 1 branch of the dungeon, and saw 4 of its levels.

You collected 226 gold pieces.

Inventory:

Hand Weapons
 a - a +3 dagger of speed (weapon)
Jewellery
 c - a ring of protection from fire
Potions
 b - a potion of magic
 d - a potion of degeneration


   Skills:
 - Level 1.1 Fighting
 - Level 1.7 Dodging
 - Level 3.0 Unarmed Combat
 - Level 2.0 Spellcasting
 + Level 5.3 Transmutations


You had 2 spell levels left.
You knew the following spells:

 Your Spells              Type           Power      Damage    Failure   Level
a - Beastly Appendage     Tmut           24%        N/A       3%          1
b - Spider Form           Tmut/Pois      3%         N/A       30%         3
c - Wereblood             Tmut           12%        N/A       4%          2

Your spell library contained the following spells:

 Spells                   Type           Power      Damage    Failure   Level
 Frozen Ramparts          Ice            2%         1d2       65%         3
 Gell's Gravitas          Tloc           0%         N/A       65%         3
 Lesser Beckoning         Tloc           0%         N/A       65%         3
 Teleport Other           Tloc           1%         N/A       65%         3
 Ice Form                 Ice/Tmut       6%         N/A       69%         4
 Summon Ice Beast         Ice/Summ       1%         N/A       96%         4


Dungeon Overview and Level Annotations

Branches:
Dungeon (4/15)
 Temple: D:4-7

Altars:
Xom
Lugonu

Portals:
Abyss: D:3


Innate Abilities, Weirdness & Mutations

You have temporarily grown beastly horns and talons.
Your plain brown scales are hard. (AC +5)
You cannot fit into any form of body armour.
You are cold-blooded and may be slowed by cold attacks.


Message History

You barely miss something. Something barely misses you.
Something hits you but does no damage. The orc hits you with a +0 whip.
* * * LOW HITPOINT WARNING * * *
You barely miss the orc.
Your magical contamination has completely faded away.
Something closely misses you.
Your transformation has ended.
Your +3 dagger of speed unmelds from your body.
Your hands tingle!
Casting: Spider Form (quite dangerous; 30% risk of failure)
Confirm with . or Enter, or press ? or * to list all spells.
The spell is quite dangerous to cast (30% risk of failure)!
Continue anyway?
You miscast Spider Form.
You are very lightly contaminated with residual magic.
Nothing appears to happen.
The orc hits you but does no damage.
Unknown command.
Casting: Spider Form (quite dangerous; 30% risk of failure)
Confirm with . or Enter, or press ? or * to list all spells.
You grow a pair of large bovine horns.
Your feet morph into talons.
The orc hits you with a +0 whip.
* * * LOW HITPOINT WARNING * * *
You closely miss the orc. You claw the orc.
You tail-slap the orc, but do no damage.
The orc is moderately wounded.
The orc barely misses you.
You hit the orc.
Your tail-slap misses the orc.
The orc is heavily wounded.
You closely miss something. You closely miss something.
Your kick misses something. Your headbutt misses something.
You barely miss something. You claw something. You headbutt something!
Something hits you but does no damage.
You hit something. Your kick misses something.
You hear some strange, mumbled words.
A magic dart appears from out of thin air!
The magic dart hits you.
* * * LOW HITPOINT WARNING * * *
You miss something. Your kick misses something. You barely miss something.
Something hits you.
You die...

...##..##.....##.#.>..........#
..............#....#.##########
...##.........####....###########
..###.........# #.≈.............
..+.....#.....####.g.............
..###.#.#.....##g.._..........##.
..###.#.#####.##o#....#..........
......#.......##{#.§..#..........
#######.########@#....#..........
........# #.#.#..#.......##'
...####.########.#.#..#.########.
...#...........#.#.##.#...#......
...#.##.######...#........#.####.
...#.##.#############.#####.# #.
...#.##....<................# #.
...#.################.#####.####.
...#.# #.............#........#.


You could see an orc and a goblin.

Vanquished Creatures
  Terence (D:2)
  An adder (D:2)
  3 gnolls (D:2)
  A worm (D:2)
  3 dart slugs
  4 orcs
  5 ball pythons
  4 bats
  4 endoplasms
  3 giant cockroaches
  10 goblins
  7 hobgoblins
  A jackal (D:1)
  3 quokkas
  3 frilled lizards
  10 kobolds
  A rat (D:2)
64 creatures vanquished.

Vanquished Creatures (others)
  A fungus (D:2)
  4 toadstools (D:2)
5 creatures vanquished.

Grand Total: 69 creatures vanquished

Notes
Turn   | Place    | Note
-------+----------+-------------------------------------------
     0 | D:1      | barney the Draconian Transmuter began the quest for the
                  | Orb.
     0 | D:1      | Reached XP level 1. HP: 16/16 MP: 3/3
   178 | D:1      | Reached XP level 2. HP: 23/23 MP: 5/5
   256 | D:1      | Reached skill level 3 in Transmutations
  1168 | D:1      | Reached XP level 3. HP: 25/28 MP: 4/6
  1172 | D:1      | Learned a level 3 spell: Spider Form
  1175 | D:1      | Learned a level 2 spell: Wereblood
  1554 | D:2      | Reached skill level 4 in Transmutations
  1560 | D:2      | HP: 1/28 [gnoll (9)]
  1564 | D:2      | Reached XP level 4. HP: 2/35 MP: 1/7
  2204 | D:2      | Noticed Terence
  2219 | D:2      | Killed Terence
  2220 | D:2      | Reached skill level 5 in Transmutations
  2653 | D:3      | Found a shimmering altar of Xom.
  2824 | D:3      | Found a large runed translucent door.
  2825 | D:3      | Found a large runed translucent door.
  2835 | D:3      | Found a corrupted altar of Lugonu.
  3063 | D:3      | Found a one-way gate to the infinite horrors of the Abyss.
  3175 | D:3      | Reached XP level 5. HP: 33/40 MP: 4/8
  4699 | D:3      | Slain by an orc wizard

Illustrated notes

Levels and vault maps discovered:
D:1:      dpeg_arrival_shrine, layout_basic, minmay_close_crescents
D:2:      layout_rooms, hex_tiny, minmay_gold_behind_fungi,
          grunt_decor_mini_mirrors, uniq_terence
D:3:      due_chaos_kobolds, layout_basic, mainiacjoe_overflow_tiny_flanked
D:4:      layout_cave_pools, minmay_overflow_temple_star_quad,
          cheibrodos_sewer_entry_bend, amcnicky_mini_corridor_feature,
          minmay_strange_pillars

Skill      XL: |  1  2  3  4 |
---------------+-------------+-----
Transmutations | 3 4 5 |  5.3
Fighting       | |  1.1
Dodging        | |  1.7
Unarmed Combat | |  3.0
Spellcasting   | |  2.0

Action                   |  1- 3 |  4- 6 || total
-------------------------+-------+-------++-------
Melee: Dagger            |    92 |    67 ||   159
       Kick              |    15 |     6 ||    21
       Unarmed           |    25 |    36 ||    61
       Tailslap          |    11 |     4 ||    15
       Headbutt          |     5 |     8 ||    13
 Cast: Beastly Appendage |    11 |     5 ||    16
       Spider Form       |     3 |     7 ||    10
       Wereblood         |     1 |     1 ||     2
  Use: Potion            |     3 |     3 ||     6
       Scroll            |       |     5 ||     5
Armor: Skin              |    32 |    28 ||    60
Dodge: Dodged            |    73 |    64 ||   137
